 Dungeon Crawl Stone Soup version 0.23-a0-416-g33f1def (webtiles) character file.

1360 Jawreze the Carver (level 8, 0/64 HPs)
             Began as a Demonspawn Gladiator on Nov 9, 2018.
             Was an Initiate of Makhleb.
             Slain by a gnoll (6 damage)
             ... on level 5 of the Dungeon.
             The game lasted 00:15:50 (6036 turns).

Jawreze the Carver (Demonspawn Gladiator)           Turns: 6036, Time: 00:15:51

Health: 0/64       AC:  7    Str: 14    XL:     8   Next: 37%
Magic:  8/8        EV: 12    Int: 12    God:    Makhleb [......]
Gold:   218        SH:  0    Dex: 15    Spells: 7/7 levels left

rFire    + . .     SeeInvis .   s - +1 dagger (venom)
rCold    . . .     Gourm    .   (no shield)
rNeg     . . .     Faith    .   h - +0 ring mail
rPois    .         Spirit   .   c - +1 helmet
rElec    .         Reflect  .   (no cloak)
rCorr    .         Harm     .   (no gloves)
MR       .....                  (no boots)
Stlth    +.........             (no amulet)
HPRegen  0.20/turn              (no ring)
MPRegen  0.11/turn              (no ring)

@: glowing
A: talons 2, fire resistance 1, spiny 1, sturdy frame 1
a: Renounce Religion


You were on level 5 of the Dungeon.
You worshipped Makhleb.
Makhleb was noncommittal.
You were not hungry.

You visited 2 branches of the dungeon, and saw 6 of its levels.

You collected 260 gold pieces.
You spent 42 gold pieces at shops.

Inventory:

Hand Weapons
 a - a +0 long sword
 s - a +1 dagger of venom (weapon)
Missiles
 d - 3 throwing nets
 j - 189 stones
 y - 3 tomahawks (quivered)
Armour
 c - a +1 helmet (worn)
 h - a +0 ring mail (worn)
 q - a +2 shield
 z - a +0 buckler
Jewellery
 p - an uncursed amulet of harm {unknown}
 t - an uncursed ring of positive energy {unknown}
Wands
 b - a wand of flame (19)
Scrolls
 g - a scroll of remove curse
 k - 4 scrolls of identify
 o - a scroll of magic mapping
 r - a scroll of blinking
 v - a scroll of enchant weapon {unknown}
 w - a scroll of silence {unknown}
 A - a scroll of teleportation
Potions
 e - a potion of might
 i - 3 potions of heal wounds
 l - 7 potions of curing
 m - a potion of invisibility
 n - a potion of mutation
 u - a potion of cancellation
Comestibles
 f - 7 rations
 x - 4 chunks of flesh


   Skills:
 + Level 6.1 Fighting
 * Level 8.1 Long Blades
 - Level 1.7 Throwing
 - Level 2.6 Dodging
 + Level 1.3 Shields


You had 7 spell levels left.
You didn't know any spells.
Your spell library was empty.

Dungeon Overview and Level Annotations

Branches:
Dungeon (5/15)             Temple (1/1) D:5

Altars:
Cheibriados
Dithmenos
Elyvilon
Fedhas
Gozag
Hepliaklqana
Makhleb
Nemelex Xobeh
Qazlal
Ru
Trog
Uskayaw
Vehumet
Wu Jian
Xom
Yredelemnul
Zin
The Shining One

Shops:
D:5 *!!}


Innate Abilities, Weirdness & Mutations

You have razor-sharp toenails.
Your flesh is heat resistant. (rF+)
You are partially covered in sharp spines.
Your movements are slightly less encumbered by armour. (ER -2)


Message History

The gnoll is struck by your spines.
You kill the gnoll!
Makhleb accepts your kill.
The gnoll hits you from afar with a +0 spear.
You struggle against the net.
The gnoll hits you. The gnoll barely misses you. The gnoll closely misses you.
You are held in a net!
You struggle against the net.
The gnoll hits you from afar with a +0 spear.
The gnoll is struck by your spines. The gnoll hits you.
You struggle against the net.
The gnoll hits you!
The gnoll hits you from afar with a +0 spear.
* * * LOW HITPOINT WARNING * * *
The gnoll hits you.
* * * LOW HITPOINT WARNING * * *
The gnoll hits you!
* * * LOW HITPOINT WARNING * * *
You rip the net and break free!
The gnoll hits you but does no damage. x3
The gnoll is struck by your spines. The gnoll hits you.
You die...

#........###.........#......#
#.........##................#
##.........#..##......(g.#...#
##........................#...#
##...............###..........##
......#.##....#..####.....>.#..##
∩.........................#.#...#
................†gg(.#....#......
................@g...#........###
....##[.......(.g...............#
....................≈≈≈....#.....
.......<...........≈≈§≈≈...#.....
......)...........≈§§§§§≈........
.[.#.........###..≈§≈>§§§..#.....
..####.....#..##..≈§§≈§≈≈..#..^..
...........#.......≈≈§§≈.........
..........##........§§≈.....)###.


You could see 4 gnolls.

Vanquished Creatures
  A sky beast (D:5)
  An ogre (D:4)
  A wolf (D:5)
  3 gnoll sergeants (D:5)
  A howler monkey (D:4)
  A crimson imp (D:5)
  3 hounds (D:5)
  3 gnoll shamans (D:5)
  5 orc priests
  3 orc wizards
  2 iguanas (D:5)
  A hound skeleton (D:4)
  Robin (D:2)
  17 gnolls (D:5)
  6 adders
  An ooze (D:1)
  A dart slug (D:1)
  3 worms
  5 leopard geckos
  20 orcs
  6 bats
  6 giant cockroaches
  17 goblins
  8 hobgoblins
  9 jackals
  3 quokkas
  2 ball pythons
  4 frilled lizards
  A jackal skeleton (D:5)
  6 kobolds
  6 rats
147 creatures vanquished.

Notes
Turn   | Place    | Note
-------+----------+-------------------------------------------
     0 | D:1      | Jawreze the Demonspawn Gladiator began the quest for the
                  | Orb.
     0 | D:1      | Reached XP level 1. HP: 16/16 MP: 1/1
    64 | D:1      | Reached skill level 3 in Long Blades
   118 | D:1      | Gained mutation: You are partially covered in sharp spines.
                  | [demonic ancestry]
   118 | D:1      | Reached XP level 2. HP: 20/22 MP: 2/2
   445 | D:1      | Reached XP level 3. HP: 28/28 MP: 3/3
  1206 | D:2      | Noticed Robin
  1224 | D:2      | Killed Robin
  1224 | D:2      | Reached skill level 4 in Long Blades
  1279 | D:2      | Gained mutation: Your movements are slightly less
                  | encumbered by armour. (ER -2) [demonic ancestry]
  1279 | D:2      | Reached XP level 4. HP: 26/34 MP: 4/4
  2264 | D:3      | Found a shimmering altar of Xom.
  2466 | D:3      | Gained mutation: You have sharp toenails. [demonic
                  | ancestry]
  2466 | D:3      | Reached XP level 5. HP: 34/41 MP: 5/5
  3424 | D:4      | Reached skill level 5 in Long Blades
  3641 | D:4      | Gained mutation: You have razor-sharp toenails. [demonic
                  | ancestry]
  3641 | D:4      | Reached XP level 6. HP: 36/48 MP: 6/6
  3972 | D:4      | Reached skill level 6 in Long Blades
  3989 | D:4      | Reached XP level 7. HP: 43/55 MP: 7/7
  4309 | D:5      | Entered Level 5 of the Dungeon
  4525 | D:5      | Reached skill level 5 in Fighting
  4551 | D:5      | Found a staircase to the Ecumenical Temple.
  4584 | Temple   | Entered the Ecumenical Temple
  4685 | Temple   | Became a worshipper of Makhleb the Destroyer
  4735 | D:5      | Found Noadaff's Distillery.
  4745 | D:5      | Bought a potion of curing for 42 gold pieces
  4755 | D:5      | Found Naseus's General Store.
  4886 | D:5      | Reached skill level 7 in Long Blades
  5494 | D:5      | Gained mutation: Your flesh is heat resistant. (rF+)
                  | [demonic ancestry]
  5494 | D:5      | Reached XP level 8. HP: 63/63 MP: 8/8
  5779 | D:5      | Reached skill level 1 in Shields
  5843 | D:5      | Found Garaw's Gadget Emporium.
  5886 | D:5      | Found Cerif's Distillery.
  5896 | D:5      | Reached skill level 8 in Long Blades
  6036 | D:5      | Slain by a gnoll

Vault maps used:
D:1:      dpeg_arrival_erosion
D:2:      uniq_robin
D:3:      first_ration, lemuel_altar_in_water
D:4:      kennysheep_generic_room_16
D:5:      minmay_temple_entry_mist, serial_shops, shop,
          nicolae_shop_competitors_out_of_business, shop,
          nicolae_shop_statue_plus, serial_gnoll_camp, gnoll_camp_mini_basic,
          gnoll_camp_huts_basic, gnoll_camp_mini_sergeant, gnoll_camp_medium_02
Temple:   compressed_dpeg_circular_temple

Skill      XL: |  1  2  3  4  5  6  7  8 |
---------------+-------------------------+-----
Long Blades    | 3 4 5 6 7 8 |  8.1
Fighting       | 3 4 5 6 |  6.1
Shields        | 1 |  1.3
Throwing       | |  1.7
Dodging        | |  2.6

Action                   |  1- 3 |  4- 6 |  7- 9 || total
-------------------------+-------+-------+-------++-------
Melee: Long sword        |    89 |       |       ||    89
       Dagger            |     5 |   117 |   111 ||   233
       Kick              |       |    20 |    47 ||    67
Throw: Stone             |     7 |     2 |     4 ||    13
       Throwing net      |     1 |       |       ||     1
       Tomahawk          |       |       |     5 ||     5
  Use: Scroll            |       |    10 |     5 ||    15
 Stab: Distracted        |       |     1 |       ||     1
  Eat: Chunk             |     1 |     9 |     6 ||    16
Armor: Leather armour    |    40 |    16 |       ||    56
       Ring mail         |       |       |    29 ||    29
Dodge: Dodged            |    70 |    59 |    67 ||   196
       Rpst.: Long sword |    24 |       |       ||    24

Table legend:
 A = Non-vault XP
 B = Vault XP
 C = Vault XP percentage of total XP
 D = Non-vault monster count
 E = Vault monster count
 F = Vault count percentage of total count
                 A         B        C        D         E       F
            +---------+---------+-------+---------+---------+-------
      Total |    1088 |     856 |  44.0 |     108 |      39 |  26.5
            +---------+---------+-------+---------+---------+-------
        D:1 |      51 |       0 |   0.0 |      27 |       0 |   0.0
        D:2 |      53 |      34 |  39.1 |      21 |      11 |  34.4
        D:3 |     129 |       0 |   0.0 |      24 |       0 |   0.0
        D:4 |     484 |       0 |   0.0 |      23 |       0 |   0.0
        D:5 |     371 |     822 |  68.9 |      13 |      28 |  68.3
            +---------+---------+-------+---------+---------+-------
